 Dungeon Crawl Stone Soup version 0.19.4-9-g45fd643 (webtiles) character file.

5884 oplop the Chiller (level 10, -4/68 HPs)
             Began as an Octopode Ice Elementalist on Feb 21, 2017.
             Was a Priest of Cheibriados.
             Slain by an unseen horror (6 damage)
             ... on level 11 of the Dungeon.
             The game lasted 00:29:50 (9177 turns).

oplop the Chiller (Octopode Ice Elementalist)       Turns: 9177, Time: 00:29:50

Health: -4/68      AC:  8    Str: 20    XL:     10   Next: 82%
Magic:  3/28       EV: 18    Int: 30    God:    Cheibriados [***...]
Gold:   589        SH:  0    Dex: 20    Spells: 5 memorised, 7 levels left

rFire  . . .     SeeInvis .     s - +2 dagger (venom)
rCold  + . .     Gourm    .     (no shield)
rNeg   . . .     Faith    .     (helmet restricted)
rPois  +         Spirit   .     d - amulet of regeneration
rElec  .         Reflect  .     i - ring of wizardry
rCorr  .         Harm     .     o - ring of protection from magic
MR     +....                    x - ring of protection from cold
Stlth  ++++......               G - ring of poison resistance
                                y - ring of magical power
                                (no ring)
                                (no ring)
                                (no ring)

@: mighty, icy armour, very slow
A: almost no armour, stealthy swim, amphibious, 8 rings, constrict 8, camouflage
1, gelatinous body 1
a: Bend Time, Temporal Distortion, Renounce Religion


You were on level 11 of the Dungeon.
You worshipped Cheibriados.
Cheibriados was most pleased with you.
You were not hungry.

You visited 1 branch of the dungeon, and saw 11 of its levels.

You collected 589 gold pieces.

Inventory:

Hand Weapons
 s - a +2 dagger of venom (weapon)
Jewellery
 d - an amulet of regeneration (around mantle)
 i - a ring of wizardry (left tentacle)
 o - a ring of protection from magic (right tentacle)
 x - a ring of protection from cold (on tentacle)
 y - a ring of magical power (on tentacle)
 G - a ring of poison resistance (on tentacle)
Wands
 m - a wand of disintegration (8/24)
 r - a wand of paralysis (15/24)
 C - a wand of slowing (13/48)
Scrolls
 f - 2 scrolls of noise
 j - 2 scrolls of identify
 n - a scroll of enchant weapon
 t - a scroll of teleportation
 u - a scroll of fear {unknown}
 v - 2 scrolls of enchant armour
 F - a scroll of blinking
 H - a scroll of amnesia {unknown}
 I - a scroll of magic mapping {unknown}
 K - a scroll of fog {unknown}
Potions
 e - a potion of lignification
 g - a potion of curing {unknown}
 h - 2 potions of haste {unknown}
 k - 4 potions of might
 l - a potion of heal wounds {unknown}
 p - a potion of brilliance {unknown}
 w - a potion of berserk rage {unknown}
 z - a potion of magic {unknown}
 A - 2 potions of cure mutation
 B - a potion of degeneration {unknown}
 D - a potion of experience {unknown}
Books
 a - a book of Frost

   Spells                             Type                      Level
   a - Freeze                         Ice                          1
   b - Throw Frost                    Conjuration/Ice              2
   c - Ozocubu's Armour               Charms/Ice                   3
   d - Throw Icicle                   Conjuration/Ice              4
   e - Summon Ice Beast               Ice/Summoning                4
Comestibles
 b - 10 bread rations
 c - 6 fruits
 q - 5 meat rations
 E - 6 slices of pizza


   Skills:
 + Level 6.1 Fighting
 * Level 6.3 Dodging
 - Level 2.6 Stealth
 + Level 6.2 Spellcasting
 - Level 5.1 Conjurations
 - Level 4.4 Summonings
 - Level 7.6 Ice Magic
 * Level 6.7 Invocations


You had 7 spell levels left.
You knew the following spells:

 Your Spells              Type           Power        Failure   Level  Hunger
a - Freeze                Ice            ####         1%          1    None
b - Throw Frost           Conj/Ice       #####.       1%          2    None
c - Summon Ice Beast      Ice/Summ       #####...     1%          4    ###....
d - Throw Icicle          Conj/Ice       #####...     1%          4    ###....
e - Ozocubu's Armour      Chrm/Ice       ####....     1%          3    None


Dungeon Overview and Level Annotations

Branches:
Dungeon (11/15)              Lair (0/6) D:8             Orc (0/2) D:10
 Temple: D:4-7

Altars:
Cheibriados
Elyvilon
Ru
Sif Muna
Trog
The Shining One

Portals:
Trove: D:10 (show slimy rune of Zot)

Annotations:
D:6 Brouzouf's ghost, novice DDFi; Grinder


Innate Abilities, Weirdness & Mutations

You cannot wear most types of armour.
You are very stealthy in the water. (Stealth+)
You are amphibious.
You can wear up to eight rings at the same time.
You can use your tentacles to constrict eight enemies at once.
Your skin changes colour to match your surroundings (Stealth+).
Your rubbery body absorbs attacks. (AC +1, EV +1)


Message History

You start resting.
Something hits you but does no damage.
Deactivating autopickup; reactivate with Ctrl-A.
You start resting.
Something hits you!
Something hits your ice beast but does no damage.
You swing at nothing.
Your icy armour evaporates.
Something hits you. Something hits you!
* * * LOW HITPOINT WARNING * * *
Okay, then.
Okay, then.
Casting: Summon Ice Beast
Confirm with . or Enter, or press ? or * to list all spells.
A film of ice covers your body!
Your ice beast disappears in a puff of smoke!
Something hits you!
* * * LOW HITPOINT WARNING * * *
It was a potion of might.
You feel very mighty all of a sudden. Something hits you.
You die...

...........#####...#
...................#
.........<[........#
..............[†...#
#####......[.......#
#..............#
#.............$#
####..#####Y§)#.W#
#..# #.@.#Y.#
########..# #...#.##
..........# #...##.
########.## #..#. .
..# #..##.#. ####
#..# #.# #..# #.
#.## #.


You could see a friendly ice beast.

Vanquished Creatures
  A troll (D:9)
  A shadow (D:11)
  A wraith (D:10)
  A hog (D:9)
  A human (D:9)
  A hungry ghost (D:8)
  An orc warrior (D:10)
  A sky beast (D:8)
  2 centaurs
  5 bullfrogs
  2 scorpions
  6 killer bees (D:9)
  6 wights
  8 crimson imps
  A bullfrog zombie (D:6)
  A quasit (D:9)
  6 hounds
  A bullfrog skeleton (D:7)
  2 centaur skeletons
  6 orc priests
  Ijyb (D:3)
  2 jellies
  An iguana (D:9)
  9 worker ants
  A howler monkey zombie (D:7)
  A howler monkey skeleton (D:9)
  8 adders
  2 oozes
  2 adder skeletons
  2 worms
  4 leopard geckos
  9 orcs
  3 ball pythons
  4 giant cockroaches
  5 hobgoblins
  16 jackals
  A quokka (D:4)
  4 bats
  3 frilled lizards
  8 goblins
  A jackal skeleton (D:7)
  5 kobolds
  A quokka zombie (D:6)
  5 rats
152 creatures vanquished.

Vanquished Creatures (collateral kills)
  A hill giant (D:10)
  A kobold demonologist (D:11)
  A troll (D:9)
  2 hornets
  3 hippogriffs
  A wraith (D:11)
  3 hogs (D:9)
  A mottled dragon (D:11)
  2 ice beasts (D:7)
  A sky beast (D:5)
  An orc warrior (D:6)
  3 black bears
  2 ogres
  A centaur (D:6)
  A big kobold (D:8)
  3 bullfrogs
  A wyvern skeleton (D:10)
  A scorpion (D:9)
  2 killer bees (D:11)
  7 wights
  A crimson imp (D:7)
  2 orc priests
  2 orc wizards
  A bullfrog skeleton (D:8)
  3 worker ants
  A shadow imp (D:8)
  12 orcs
  2 kobolds (D:8)
62 creatures vanquished.

Grand Total: 214 creatures vanquished

Notes
Turn   | Place    | Note
-------+----------+-------------------------------------------
     0 | D:1      | oplop the Octopode Ice Elementalist began the quest for the Orb.
     0 | D:1      | Reached XP level 1. HP: 11/11 MP: 3/3
   141 | D:1      | Found a snail-covered altar of Cheibriados.
   237 | D:1      | Reached XP level 2. HP: 5/18 MP: 0/5
  1102 | D:2      | Learned a level 2 spell: Throw Frost
  1242 | D:2      | Reached XP level 3. HP: 22/22 MP: 3/6
  1312 | D:2      | Reached skill level 1 in Fighting
  1382 | D:2      | Found a deep blue altar of Sif Muna.
  1393 | D:2      | Found a white marble altar of Elyvilon.
  1726 | D:3      | Found a bloodstained altar of Trog.
  1736 | D:3      | Reached skill level 4 in Ice Magic
  1736 | D:3      | Reached XP level 4. HP: 21/28 MP: 0/8
  1773 | D:3      | Noticed Ijyb
  2166 | D:4      | Reached XP level 5. HP: 26/34 MP: 5/9
  2298 | D:4      | Learned a level 4 spell: Summon Ice Beast
  2695 | D:3      | Killed Ijyb
  2695 | D:3      | Reached skill level 1 in Summonings
  2695 | D:3      | Reached XP level 6. HP: 29/41 MP: 2/11
  2773 | D:4      | Reached skill level 5 in Ice Magic
  2988 | D:5      | Entered Level 5 of the Dungeon
  3081 | D:5      | Learned a level 4 spell: Throw Icicle
  3165 | D:5      | Reached XP level 7. HP: 25/45 MP: 12/12
  4082 | D:5      | Reached skill level 6 in Ice Magic
  4498 | D:6      | Reached XP level 8. HP: 44/52 MP: 14/14
  4950 | D:6      | Noticed Brouzouf's ghost (novice DDFi)
  5073 | D:6      | Noticed Grinder
  5149 | D:7      | Reached skill level 7 in Ice Magic
  5285 | D:7      | Found a sacrificial altar of Ru.
  5420 | D:7      | Reached XP level 9. HP: 58/58 MP: 5/16
  5724 | D:7      | Found a snail-covered altar of Cheibriados.
  5907 | D:7      | Became a worshipper of Cheibriados the Contemplative
  6006 | D:8      | Reached skill level 5 in Spellcasting
  6006 | D:8      | Reached skill level 1 in Invocations
  6079 | D:8      | Found a staircase to the Lair.
  6155 | D:8      | Noticed a death yak
  6180 | D:8      | Found a glowing golden altar of the Shining One.
  6378 | D:9      | Noticed a troll
  6389 | D:9      | Killed a troll
  6510 | D:9      | Learned a level 3 spell: Ozocubu's Armour
  6559 | D:9      | Reached * piety under Cheibriados
  6622 | D:9      | Found a bloodstained altar of Trog.
  6653 | D:9      | Reached skill level 5 in Fighting
  6887 | D:9      | Reached XP level 10. HP: 54/66 MP: 18/18
  6939 | D:9      | Reached skill level 5 in Conjurations
  7063 | D:10     | Entered Level 10 of the Dungeon
  7084 | D:10     | Reached ** piety under Cheibriados
  7167 | D:10     | Found a portal to a secret trove of treasure.
  7366 | D:10     | Found a staircase to the Orcish Mines.
  7610 | D:10     | Reached skill level 5 in Invocations
  7651 | D:10     | Noticed a hill giant
  7680 | D:10     | Killed a hill giant
  8184 | D:11     | Reached skill level 5 in Dodging
  8451 | D:8      | Paralysed by a hornet for 3 turns
  8609 | D:8      | Reached *** piety under Cheibriados
  9164 | D:11     | Noticed a kobold demonologist
  9172 | D:11     | Killed a kobold demonologist
  9176 | D:11     | HP: 1/68 [something (12)]
  9177 | D:11     | Slain by an unseen horror

Skill      XL: |  1  2  3  4  5  6  7  8  9 10 |
---------------+-------------------------------+-----
Fighting       | 1 2 3 4 5 6 |  6.1
Ice Magic      | 4 5 6 7 |  7.6
Spellcasting   | 3 4 5 6 |  6.2
Summonings     | 1 2 3 4 |  4.4
Conjurations   | 3 4 5 |  5.1
Invocations    | 4 6 |  6.7
Dodging        | 4 6 |  6.3
Stealth        | |  2.6

Action                   |  1- 3 |  4- 6 |  7- 9 | 10-12 || total
-------------------------+-------+-------+-------+-------++-------
Melee: Unarmed           |    53 |       |       |       ||    53
       Tentacles         |    13 |    12 |    44 |    22 ||    91
       Constrict         |    18 |    18 |    43 |    13 ||    92
       Dagger            |    16 |    73 |   175 |    64 ||   328
 Cast: Freeze            |    19 |    17 |    26 |     8 ||    70
       Throw Frost       |     6 |     9 |    16 |     4 ||    35
       Summon Ice Beast  |       |     2 |    33 |    36 ||    71
       Throw Icicle      |       |       |    15 |    27 ||    42
       Ozocubu's Armour  |       |       |     3 |    11 ||    14
  Use: Scroll            |       |       |    12 |     1 ||    13
       Potion            |       |       |       |     2 ||     2
 Stab: Sleeping          |    14 |     3 |     2 |     1 ||    20
       Distracted        |       |       |     1 |     2 ||     3
  Eat: Fruit             |     1 |       |       |       ||     1
       Chunk             |     2 |     5 |    18 |     5 ||    30
       Royal jelly       |       |       |     1 |       ||     1
       Beef jerky        |       |       |       |     2 ||     2
       Pizza             |       |       |       |     1 ||     1
Armor: Skin              |     9 |     3 |    25 |    20 ||    57
Dodge: Dodged            |    63 |    36 |   133 |    51 ||   283
